 Dungeon Sprint DCSS version 0.23.2-30-g0e89c35649 (webtiles) character file.

Game seed: 739345171759861272

3656 HASTUR3 the Brawler (level 9, -2/80 HPs)
             Began as a Troll Chaos Knight on June 18, 2019.
             Was a Plaything of Xom.
             Slain by a six-headed hydra (17 damage)
             ... in the Dungeon (Sprint IX: "|||||||||||||||||||||||||||||").
             The game lasted 00:03:24 (521 turns).

HASTUR3 the Brawler (Troll Chaos Knight)             Turns: 521, Time: 00:03:24

Health: -2/80      AC: 10    Str: 22    XL:     9   Next: 88%
Magic:  8/8        EV: 15    Int:  8    God:    Xom [....*.]
Gold:   0          SH:  0    Dex: 12    Spells: 8/8 levels left

rFire    . . .     SeeInvis .     - Unarmed
rCold    . . .     Gourm    +   (no shield)
rNeg     . . .     Faith    .   a - +2 robe
rPois    .         Spirit   .   (helmet restricted)
rElec    .         Reflect  .   (no cloak)
rCorr    .         Harm     .   (gloves unavailable)
MR       .....     NoTele   +   (boots unavailable)
Stlth    +.........             (no amulet)
HPRegen  0.63/turn              n - +2 ring of protection
MPRegen  0.11/turn              o - +2 ring of evasion

@: no status effects
A: large, unfitting armour, claws 3, fast metabolism 3, gourmand, regeneration
1, shaggy fur 1, tough skin 3
a: Renounce Religion


You were in the Dungeon.
You worshipped Xom.
You were a beloved toy of Xom.
You were completely stuffed.

You visited 1 branch

Inventory:

Armour
 a - a +2 robe (worn)
Jewellery
 n - a +2 ring of protection (left claw)
 o - a +2 ring of evasion (right claw)
Wands
 m - a wand of acid (10)
Scrolls
 h - 3 scrolls of blinking
 k - 4 scrolls of remove curse
 l - 2 scrolls of amnesia
 q - 4 scrolls of enchant weapon
 r - a scroll of fog
Potions
 c - 5 potions of curing
 d - 9 potions of heal wounds
 e - a potion of haste
 f - 4 potions of magic
 g - a potion of berserk rage
 j - a potion of invisibility
 p - a potion of agility
Comestibles
 b - 2 rations
 i - 4 chunks of flesh


   Skills:
 - Level 2.4 Fighting
 + Level 6.8 Dodging
 + Level 19.9 Unarmed Combat


You had 8 spell levels left.
You didn't know any spells.
Your spell library contained the following spells:

 Spells                   Type           Power        Failure   Level  Hunger
 Summon Small Mammal      Summ           #...         41%         1    ##.....
 Call Imp                 Summ           #.......     54%         2    ###....
 Call Canine Familiar     Summ           #.......     78%         3    ####...
 Summon Guardian Golem    Hex/Summ       #.......     78%         3    ####...
 Summon Ice Beast         Ice/Summ       #.......     99%         4    #####..
 Summon Lightning Spire   Summ/Air       #.......     99%         4    #####..


Dungeon Overview and Level Annotations

Branches:
Dungeon (1/1)

Altars:
Cheibriados
Dithmenos
Elyvilon
Fedhas
Gozag
Hepliaklqana
Kikubaaqudgha
Makhleb
Nemelex Xobeh
Okawaru
Qazlal
Ru
Sif Muna
Trog
Uskayaw
Vehumet
Wu Jian
Xom
Yredelemnul
Zin
The Shining One
Beogh
Jiyva
Lugonu


Innate Abilities, Weirdness & Mutations

You are too large for most types of armour.
You have claws for hands.
Your metabolism is lightning-fast.
You like to eat raw meat.
Your natural rate of healing is unusually fast.
You are covered in fur. (AC +1)
You have extremely tough skin. (AC +3)


Message History

You completely miss the six-headed hydra.
The six-headed hydra is heavily wounded.
Unknown command.
You barely miss the six-headed hydra.
The six-headed hydra is heavily wounded.
The six-headed hydra bites you. x2
The six-headed hydra closely misses you.
The six-headed hydra barely misses you. The six-headed hydra bites you!
The six-headed hydra bites you but does no damage.
Unknown command.
You barely miss the six-headed hydra.
The six-headed hydra is heavily wounded.
The dream sheep ruffles its wool and motes of dream dust sparkle, to no effect.
A crocodile comes into view.
The six-headed hydra bites you!
* * * LOW HITPOINT WARNING * * *
The six-headed hydra bites you but does no damage.
The six-headed hydra bites you!
You die...
Xom titters!

▓.▓.▓_▓
▓.▓.▓_▓
▓.▓.▓_▓
▓.▓.▓_▓
▓.▓.▓_▓
▓.▓.▓_▓
▓.▓.▓_▓
▓.▓.▓_▓
▓@▓.▓_▓
▓D▓.▓_▓
▓S▓.▓_▓
▓l▓.▓_▓
▓h▓.▓_▓
▓Y▓.▓_▓
▓h▓.▓_▓
▓t▓.▓_▓
▓.▓_▓


You could see a six-headed hydra, 2 polar bears, a komodo dragon, a water
moccasin, a crocodile (wandering) and a dream sheep.

Vanquished Creatures
  A centaur warrior (D)
  An unseen horror (D)
  A rime drake (D)
  A rime drake (shapeshifter) (D)
  A slime creature (D)
  A blink frog (shapeshifter) (D)
  A hippogriff (D)
  A blink frog (D)
  A yak (D)
  2 water moccasins (D)
  An orc warrior (D)
  A phantom (D)
  A centaur (D)
  2 crocodiles (D)
  A big kobold (D)
  4 bullfrogs (D)
  A wight (D)
  A howler monkey (D)
  A crimson imp (D)
  A shadow imp (D)
  An adder skeleton (D)
  A giant cockroach (D)
  A hobgoblin (D)
  2 kobolds (D)
  A quokka skeleton (D)
  A rat (D)
32 creatures vanquished.

Notes
Turn   | Place    | Note
-------+----------+-------------------------------------------
     0 | D        | HASTUR3 the Troll Chaos Knight began the quest for the Orb.
     0 | D        | Reached XP level 1. HP: 22/22 MP: 0/0
     9 | D        | Reached skill level 4 in Unarmed Combat
    23 | D        | Noticed a phantom
    23 | D        | Noticed a crimson imp
    23 | D        | Noticed a howler monkey
    23 | D        | Noticed a centaur
    30 | D        | Killed a phantom
    30 | D        | Reached skill level 9 in Unarmed Combat
    30 | D        | Reached XP level 2. HP: 26/29 MP: 1/1
    30 | D        | Reached XP level 3. HP: 33/36 MP: 2/2
    30 | D        | Reached XP level 4. HP: 40/44 MP: 3/3
    34 | D        | Reached skill level 10 in Unarmed Combat
    36 | D        | Reached XP level 5. HP: 46/50 MP: 4/4
    36 | D        | XOM: potion effect (haste)
    39 | D        | XOM: silly message
    41 | D        | Killed a centaur
    41 | D        | Reached skill level 12 in Unarmed Combat
    51 | D        | Found a roughly hewn altar of Beogh.
    51 | D        | Found a snail-covered altar of Cheibriados.
    51 | D        | Found a shadowy altar of Dithmenos.
    51 | D        | Found a white marble altar of Elyvilon.
    51 | D        | Found a blossoming altar of Fedhas.
    51 | D        | Found an opulent altar of Gozag.
    52 | D        | Found a hazy altar of Hepliaklqana.
    53 | D        | Found a viscous altar of Jiyva.
    54 | D        | Found an ancient bone altar of Kikubaaqudgha.
    55 | D        | Found a corrupted altar of Lugonu.
    56 | D        | Found a burning altar of Makhleb.
    57 | D        | Found a sparkling altar of Nemelex Xobeh.
    58 | D        | Found an iron altar of Okawaru.
    59 | D        | Found a stormy altar of Qazlal.
    60 | D        | Found a sacrificial altar of Ru.
    61 | D        | Found a deep blue altar of Sif Muna.
    62 | D        | Found a bloodstained altar of Trog.
    63 | D        | Found a hide-covered altar of Uskayaw.
    64 | D        | Found a radiant altar of Vehumet.
    65 | D        | Found an ornate altar of the Wu Jian Council.
    66 | D        | Found a shimmering altar of Xom.
    67 | D        | Found a basalt altar of Yredelemnul.
    68 | D        | Found a glowing silver altar of Zin.
    69 | D        | Found a glowing golden altar of the Shining One.
    97 | D        | Noticed an orc warrior
    97 | D        | Noticed a water moccasin
   101 | D        | Killed an orc warrior
   101 | D        | Reached skill level 13 in Unarmed Combat
   101 | D        | Reached XP level 6. HP: 38/59 MP: 5/5
   104 | D        | Killed an unseen horror
   104 | D        | Reached skill level 16 in Unarmed Combat
   104 | D        | Reached XP level 7. HP: 29/66 MP: 6/6
   125 | D        | Reached XP level 8. HP: 10/74 MP: 7/7
   248 | D        | Noticed a blink frog
   248 | D        | Noticed a rime drake
   248 | D        | Noticed a centaur warrior
   248 | D        | Noticed a slime creature
   250 | D        | XOM: scenery: create altars
   255 | D        | Reached skill level 17 in Unarmed Combat
   259 | D        | Killed a rime drake
   270 | D        | Killed a centaur warrior
   270 | D        | Reached skill level 18 in Unarmed Combat
   270 | D        | Reached XP level 9. HP: 48/80 MP: 8/8
   273 | D        | Reached skill level 19 in Unarmed Combat
   462 | D        | Noticed a rime drake
   463 | D        | Reached skill level 5 in Dodging
   467 | D        | XOM: fake destruction
   482 | D        | Killed a rime drake
   514 | D        | Noticed a five-headed hydra
   514 | D        | Noticed a komodo dragon
   514 | D        | Noticed a polar bear
   517 | D        | Noticed a polar bear
   521 | D        | Slain by a six-headed hydra

Skill      XL: |  1  2  3  4  5  6  7  8  9 |
---------------+----------------------------+-----
Unarmed Combat | 9 10 13 16 18 19 | 19.9
Dodging        | 6 |  6.8
Fighting       | |  2.4

Action                   |  1- 3 |  4- 6 |  7- 9 || total
-------------------------+-------+-------+-------++-------
Melee: Unarmed           |    20 |    17 |    83 ||   120
       Punch             |       |     1 |    10 ||    11
  Use: Potion            |       |       |     1 ||     1
  Eat: Chunk             |       |       |    10 ||    10
Armor: Robe              |     5 |     4 |    23 ||    32
Dodge: Dodged            |     4 |     5 |    40 ||    49
